 Dungeon Crawl Stone Soup version 0.29-a0-1023-g6ae1a4a2c7 (webtiles) character file.

Game seed: 17917201599603702532

37 frimble the Digger (level 3, -1/24 HPs)
             Began as a Demonspawn Earth Elementalist on Aug 12, 2022.
             Slain by an adder (3 damage)
             ... on level 2 of the Dungeon.
             The game lasted 00:01:56 (1581 turns).

frimble the Digger (Demonspawn Earth Elementalist)  Turns: 1581, Time: 00:01:57

Health: -1/24      AC:  3    Str: 10    XL:     3   Next: 23%
Magic:  5/6        EV: 12    Int: 16    God:
Gold:   158        SH:  4    Dex: 13    Spells: 5/6 levels left

rFire   . . .      SeeInvis .   d - +2 short sword (vamp)
rCold   . . .      Faith    .   (no shield)
rNeg    . . .      Spirit   .   a - +0 robe
rPois   .          Reflect  .   c - +0 helmet
rElec   .          Harm     .   (no cloak)
rCorr   .          Rampage  .   (no gloves)
Will    .....                   (no boots)
Stlth   ++........              (no amulet)
HPRegen 0.08/turn               (no ring)
MPRegen 0.10/turn               (no ring)

@: lethally poisoned (-1 -> -3)
A: claws 1, large bone plates 1
a: no special abilities


You were on level 2 of the Dungeon.
You visited 1 branch of the dungeon, and saw 2 of its levels.

You collected 158 gold pieces.

Inventory:

Hand Weapons
 d - a +2 vampiric short sword (weapon)
Armour
 a - a +0 robe (worn)
 c - a +0 helmet (worn)
Wands
 f - a wand of flame (9)
Scrolls
 i - 2 scrolls of vulnerability {unknown}
Potions
 b - a potion of magic
 e - a potion of cancellation {unknown}
 g - a potion of brilliance {unknown}


   Skills:
 - Level 1.8 Dodging
 - Level 1.8 Stealth
 + Level 1.2 Unarmed Combat
 - Level 2.0 Spellcasting
 - Level 0.9 Transmutations
 + Level 3.6 Earth Magic


You had 5 spell levels left.
You knew the following spells:

 Your Spells              Type           Power      Damage    Failure   Level
a - Sandblast             Erth           26%        2d8       4%          1

Your spell library contained the following spells:

 Spells                   Type           Power      Damage    Failure   Level
 Passwall                 Tmut/Erth      6%         N/A       12%         2
 Stone Arrow              Conj/Erth      14%        3d7       30%         3
 Petrify                  Tmut/Erth      8%         N/A       63%         4
 Conjure Ball Lightning   Conj/Air       0%         3x3d6     100%        6
 Discord                  Hex            0%         N/A       100%        8
 Disjunction              Tloc           0%         N/A       100%        8


Dungeon Overview and Level Annotations

Branches:
Dungeon (2/15)

Altars:


Innate Abilities, Weirdness & Mutations

You have sharp fingernails.
You are partially covered in large bone plates. (SH +4)


Message History

The adder is moderately wounded.
The adder barely misses you. The adder bites you.
You miss the adder.
The adder is moderately wounded.
The adder bites you.
You hit the adder.
The adder is severely wounded.
The adder bites you. x2
* * * LOW HITPOINT WARNING * * *
You are poisoned.
The adder poisons you!
You barely miss the adder.
The adder is severely wounded.
You feel sick. The adder closely misses you.
You feel better. The adder bites you but does no damage.
You closely miss the adder.
The adder is severely wounded.
You block the adder's attack. The adder closely misses you.
You closely miss the adder.
The adder is severely wounded.
The adder misses you.
You barely miss the adder.
The adder is severely wounded.
The adder bites you. The adder barely misses you.
You miss the adder.
The adder is severely wounded.
The adder bites you.
You are poisoned.
The adder poisons you!
You closely miss the adder.
The adder is severely wounded.
You feel sick. The adder bites you.
* * * LOW HITPOINT WARNING * * *
Aiming: Sandblast (safe; 4% risk of failure)
Press: ? - help, Q - select action, (/) - cycle Shift-Dir - straight line, f - adder
Aim: an adder (severely wounded, 70% to hit)
The blast of sand misses the adder.
* * * LOW HITPOINT WARNING * * *
You feel sick. The adder bites you.
You die...

#.........# #.#.####
#.#######.############.#.####
#.#...# #..............#.#...
#####.#...##################.#.##
#≈~≈.≈.~~...............)........
~.~~~.~...##################.#.##
.......♣.≈......)....?.... #.....
♣.~....~.~...###.#########.#...#.
.≈.≈..~.........@..........(>....
...~≈~.~~~.....#S.......#........
...♣...≈~......#.####.####.###.##
...~♣.♣~.......#.. ...........
.≈~~~≈.........##. ###.###.##
..~~~...####..# .. #<#.# .. #.#.#
... #...# ##''#


You could see an adder.

Vanquished Creatures
  A worm (D:2)
  A dart slug (D:1)
  5 endoplasms (D:1)
  3 goblins
  2 hobgoblins (D:1)
  2 jackals (D:2)
  5 kobolds (D:1)
  2 quokkas
  3 ball pythons (D:1)
  A bat (D:2)
  4 rats
29 creatures vanquished.

Vanquished Creatures (others)
  4 fungi (D:1)
  3 plants (D:1)
  4 toadstools (D:1)
11 creatures vanquished.

Grand Total: 40 creatures vanquished

Notes
Turn   | Place    | Note
-------+----------+-------------------------------------------
     0 | D:1      | frimble the Demonspawn Earth Elementalist began the quest
                  | for the Orb.
     0 | D:1      | Reached XP level 1. HP: 13/13 MP: 3/3
   182 | D:1      | Reached skill level 3 in Earth Magic
   337 | D:1      | Gained mutation: You have sharp fingernails. [demonic
                  | ancestry]
   337 | D:1      | Reached XP level 2. HP: 9/19 MP: 1/5
   999 | D:1      | Reached skill level 1 in Unarmed Combat
  1074 | D:1      | Found a faded altar of an unknown god.
  1278 | D:2      | Gained mutation: You are partially covered in large bone
                  | plates. (SH +4) [demonic ancestry]
  1278 | D:2      | Reached XP level 3. HP: 21/24 MP: 6/6
  1581 | D:2      | Slain by an adder

Illustrated notes

Levels and vault maps discovered:
D:1:      dpeg_arrival_concentric_ovals, layout_loops_ring,
          shapermc_ecumenical_altar_mp_ritualfount, minmay_gold_behind_fungi,
          nicolae_titane
D:2:      layout_basic, serial_shops, nicolae_shop_overgrown_old_shop,
          chequers_serial_rivers_marsh, kennysheep_generic_room_4

Skill      XL: |  1  2 |
---------------+-------+-----
Earth Magic    | 3 |  3.6
Unarmed Combat | 1 |  1.2
Dodging        | |  1.8
Stealth        | |  1.8
Spellcasting   | |  2.0
Transmutations | |  0.9

Action                   || total
-------------------------++-------
Melee: Unarmed           ||    23
       Short sword       ||    90
       Punch             ||     1
 Cast: Sandblast         ||    10
  Use: Scroll            ||     4
       Potion            ||     2
 Stab: Sleeping          ||     6
Armor: Robe              ||    20
Dodge: Dodged            ||    70
Block: Other             ||     3

Table legend: (Time is in decaauts)
 A = Elapsed time spent in this place.
 B = Non-inter-level travel time spent in this place.
 C = Inter-level travel time spent in this place.
 D = Time resting spent in this place.
 E = Time spent auto-exploring this place.
 F = Levels seen in this place.
 G = Mean time per level.
                   A        B        C        D        E       F      G
               +--------+--------+--------+--------+--------+-----+--------+
         Total |   1598 |   1564 |     34 |     20 |   1257 |   2 |  799.0 |
       Dungeon |   1598 |   1564 |     34 |     20 |   1257 |   2 |  799.0 |
               +--------+--------+--------+--------+--------+-----+--------+

Top non-repeatable levels by time:
     D:1: 1278 daAuts
     D:2: 319 daAuts
